 Dungeon Crawl Stone Soup version bcrawl-1.27.5 (console) character file.

Game seed: 9229045706273153148

87479 FIQ the Sneak (level 5, 24/39 HPs)
             Began as a Demonspawn Archaeologist on Aug 14, 2020.
             Quit the game on level 2 of the Dungeon.
             The game lasted 00:09:12 (4611 turns).

FIQ the Sneak (Demonspawn Archaeologist)            Turns: 4611, Time: 00:09:12

Health: 24/39      AC:  6    Str: 12    XL:     5   Next: 9%
Magic:  1/5        EV: 11    Int: 15    God:
Gold:   101        SH:  5    Dex: 12    Spells: 4/4 levels left

rFire    . . .     SeeInvis .   a - +0 whip
rCold    . . .     Gourm    .   i - +0 buckler
rNeg     . . .     Faith    .   b - +1 robe
rPois    .         Spirit   +   c - +1 hat
rElec    .         Reflect  .   (no cloak)
rCorr    .         Harm     .   (no gloves)
MR       .....                  d - +1 pair of boots
Stlth    ++........             s - amulet of the acrobat
HPRegen  0.13/turn              (no ring)
MPRegen  0.09/turn              (no ring)

@: no status effects
A: talons 1, demonic guardian 1, magic shield
a: no special abilities


You were on level 2 of the Dungeon.
You were hungry.

You visited 1 branch of the dungeon, and saw 3 of its levels.

You collected 101 gold pieces.

Inventory:

Hand Weapons
 a - a +0 whip (weapon)
Armour
 b - a +1 robe (worn)
 c - a +1 hat (worn)
 d - a +1 pair of boots (worn)
 i - a +0 buckler (worn)
Jewellery
 s - an amulet of the acrobat (around neck)
Scrolls
 g - a scroll of magic mapping
 n - 2 scrolls of remove curse {unknown}
 p - a scroll of noise {unknown}
Potions
 h - a potion of flight {unknown}
 j - a potion of invisibility
 k - a potion of experience {unknown}
 l - a potion of lignification {unknown}
Comestibles
 e - 6 rations {!d}


   Skills:
 + Level 2.4 Fighting
 * Level 2.4 Maces & Flails
 - Level 2.6 Dodging
 - Level 3.0 Stealth
 * Level 2.9 Shields


You had 4 spell levels left.
You didn't know any spells.
Your spell library was empty.

Dungeon Overview and Level Annotations

Branches:
Dungeon (3/12)

Altars:

Annotations:
D:3 Terence


Innate Abilities, Weirdness & Mutations

You have sharp toenails.
A weak demonic guardian rushes to your aid.
When hurt, damage is shared between your health and your magic reserves.


Message History

You hit the ice beast but do no damage.
The ice beast is almost dead.
The ice beast hits you. The ice beast freezes you.
Your iron imp hits the ice beast.
You hit the ice beast.
The ice beast is almost dead.
You block the ice beast's attack.
Your iron imp hits the ice beast.
The ice beast dies!
You have reached level 5!
You're now able to understand the dusty tome!
Part of it contains a powerful arcane formula!
Most of the book is about a legendary artefact.
It claims this artefact weakened the barrier between dimensions, allowing demons to enter this world and also attracting them somehow.
As you read the scroll of acquirement, it crumbles to dust.
Acquire which item? (Press ! for descriptions.) A: +1 hand crossbow of freezing; B: +1 pair of boots of stealth; C: amulet of faith; D: manual of Staves; E: staff of power; F: lightning rod (4/4); G: 10 rations; H: 1263 gold pieces This will waste the scroll!
Really cancel your acquirement? (Y/N) Cancelling acquirement.
Welcome back, FIQ the Demonspawn Archaeologist.
Press m to set your skill training.
Press ? for a list of commands and other information.
Are you sure you want to abandon this character and quit the game? (Confirm with "yes".)

#######.#.#.......#######.#.#.#..
#.........#.......##....#.#.#.#..
#.#####.#.........<.......#.#.#..
#.# #..#.#.#...#.##.##...#.#.##.
#.# #....#.#..>#..#......#.#....
#.####..###.#...#^........#...###
#.#.........+......#.#....#.#.#
.....######.#......#......###.###
.....# #.#......#............#
.....# #.####...#####..###..)#
.....# #[# #@.##......#######
.....######.####>5#####.#.....[..
...............#..# #.########.
....#######.##.#..#####.########.
..### #.##.#................. ###
#.##.#.######.#########
###########.##.#......#.#
............#.........#.#
#######################.#
#############...........#
................#########


You could see a friendly iron imp.

Vanquished Creatures
  A worker ant (D:1)
  An adder (D:3)
  An ooze (D:1)
  4 leopard geckos
  A giant cockroach (D:2)
  6 goblins
  5 hobgoblins
  10 jackals
  7 kobolds
  2 quokkas
  3 bats
  5 rats
46 creatures vanquished.

Vanquished Creatures (collateral kills)
  An ice beast (D:2)
  A kobold (D:3)
2 creatures vanquished.

Vanquished Creatures (others)
  4 toadstools (D:1)
4 creatures vanquished.

Grand Total: 52 creatures vanquished

Notes
Turn   | Place    | Note
-------+----------+-------------------------------------------
     0 | D:1      | FIQ the Demonspawn Archaeologist began the quest for the
                  | Orb.
     0 | D:1      | Reached XP level 1. HP: 15/15 MP: 1/1
   242 | D:1      | Reached skill level 1 in Maces & Flails
   442 | D:1      | Gained mutation: You have sharp toenails. [demonic
                  | ancestry]
   442 | D:1      | Reached XP level 2. HP: 21/21 MP: 2/2
   448 | D:1      | Reached skill level 1 in Shields
  1664 | D:1      | Gained mutation: When hurt, damage is shared between your
                  | health and your magic reserves. [demonic ancestry]
  1664 | D:1      | Reached XP level 3. HP: 19/27 MP: 3/3
  3271 | D:1      | Gained mutation: A weak demonic guardian rushes to your
                  | aid. [demonic ancestry]
  3271 | D:1      | Reached XP level 4. HP: 23/33 MP: 0/4
  4566 | D:3      | Noticed Terence
  4567 | D:3      | Noticed an ice beast
  4608 | D:2      | Killed an ice beast
  4608 | D:2      | Reached XP level 5. HP: 23/39 MP: 1/5
  4608 | D:2      | Identified a scroll of acquirement
  4611 | D:2      | Quit the game

Skill      XL: |  1  2  3  4 |
---------------+-------------+-----
Maces & Flails | 1 2 |  2.4
Shields        | 1 2 |  2.9
Fighting       | 2 |  2.4
Dodging        | |  2.6
Stealth        | |  3.0

Action                   |  1- 3 |  4- 6 || total
-------------------------+-------+-------++-------
Melee: Whip              |   205 |    48 ||   253
  Use: Scroll            |     2 |     1 ||     3
       Potion            |     1 |       ||     1
 Stab: Sleeping          |     6 |     3 ||     9
       Distracted        |     1 |       ||     1
  Eat: Chunk             |    12 |     6 ||    18
Armor: Robe              |    73 |    13 ||    86
Dodge: Dodged            |   123 |    25 ||   148
Block: Buckler           |    31 |    10 ||    41
